 Dungeon Crawl Stone Soup version 0.19.1 (webtiles) character file.

87019 Ladykiller69 the Grappler (level 15, -16/97 HPs)
             Began as a Gargoyle Fighter on Dec 22, 2016.
             Was the Champion of Cheibriados.
             Demolished by an Ice Fiend (26 damage)
             ... in an ice cave.
             The game lasted 01:06:17 (22268 turns).

Ladykiller69 the Grappler (Gargoyle Fighter)       Turns: 22268, Time: 01:06:18

Health: -16/97     AC: 29    Str: 42    XL:     15   Next: 89%
Magic:  22/22      EV: 14    Int: 23    God:    Cheibriados [******]
Gold:   1195       SH: 24    Dex: 24    Spells: 0 memorised, 14 levels left

rFire  . . .     SeeInvis .       - Unarmed
rCold  + . .     Gourm    .     H - +0 plate armour
rNeg   + . .     Faith    .     J - +0 large shield
rPois  ∞         Spirit   .     e - +0 helmet
rElec  +         Reflect  .     V - +0 cloak {+Inv}
rCorr  +         Harm     .     (no gloves)
MR     +....                    (no boots)
Stlth  ..........               (no amulet)
                                E - ring of protection from cold
                                j - ring of resist corrosion

@: flying, very slow
A: big wings, clumsy 1, negative energy resistance 1, electricity resistance,
strong 1, unbreathing, petrification resistance, rot immunity, subdued magic 1,
AC +11
a: Stop Flying, Bend Time, Temporal Distortion, Slouch, Step From Time, Renounce
Religion, Evoke Invisibility


You were in an ice cave.
You worshipped Cheibriados.
Cheibriados was exalted by your worship.
You were not hungry.

You visited 4 branches of the dungeon, and saw 21 of its levels.
You also visited: Ice Cave.

You collected 1195 gold pieces.

Inventory:

Missiles
 y - 2 tomahawks
 B - 2 tomahawks of dispersal
 M - 5 poisoned javelins (quivered)
 T - a throwing net
Armour
 b - a +0 shield
 e - a +0 helmet (worn)
 H - a +0 plate armour (worn)
 J - a +0 large shield (worn)
 V - a +0 cloak of invisibility (worn)
Magical Staves
 K - an uncursed staff of death {unknown}
Jewellery
 f - an uncursed ring of protection from magic
 j - a ring of resist corrosion (left hand)
 E - a ring of protection from cold (right hand)
 G - an uncursed ring of ice {unknown}
 L - a +2 amulet of reflection {unknown}
 O - an uncursed ring of positive energy
 X - an uncursed ring of wizardry
 Y - an uncursed ring of magical power
Wands
 Q - a wand of iceblast (15/15)
 U - a wand of flame (18/48)
Scrolls
 a - 4 scrolls of amnesia
 g - 10 scrolls of remove curse
 h - 2 scrolls of teleportation
 i - 4 scrolls of immolation
 l - a scroll of blinking
 r - a scroll of holy word
 t - 4 scrolls of enchant armour
 w - a scroll of magic mapping
 D - a scroll of acquirement
 P - 2 scrolls of fog
 R - 3 scrolls of noise
 S - a scroll of recharging
Potions
 c - 5 potions of might
 k - 3 potions of cure mutation
 n - 3 potions of agility
 p - a potion of magic
 s - 13 potions of curing
 u - 4 potions of berserk rage
 x - 2 potions of resistance
 z - 3 potions of cancellation
 C - a potion of heal wounds
 F - 3 potions of invisibility
 I - 5 potions of brilliance
 N - 3 potions of lignification
Miscellaneous
 W - a phial of floods
Comestibles
 d - 16 bread rations
 m - 10 meat rations
 o - 10 beef jerkies
 v - 6 fruits
 A - 12 slices of pizza


   Skills:
 + Level 12.4 Fighting
 + Level 12.0 Armour
 + Level 9.2 Dodging
 + Level 12.5 Shields
 * Level 14.8 Unarmed Combat
 + Level 10.1 Invocations


You had 14 spell levels left.
You didn't know any spells.

Dungeon Overview and Level Annotations

Branches:
Dungeon (11/15)            Temple (1/1) D:4            Lair (6/6) D:9
  Swamp (3/4) Lair:2        Snake (0/4) Lair:4        Slime (0/5) Lair:6
    Orc: D:9-12

Altars:
Ashenzari
Cheibriados
Dithmenos
Elyvilon
Fedhas
Gozag
Hepliaklqana
Kikubaaqudgha
Makhleb
Nemelex Xobeh
Okawaru
Qazlal
Ru
Sif Muna
Trog
Uskayaw
Vehumet
Xom
Yredelemnul
Zin
The Shining One

Portals:
Trove: D:10 (give 5 potions of resistance)

Annotations:
Lair:6 exclusion: 4 oklob plants


Innate Abilities, Weirdness & Mutations

You are resistant to torment.
Your stone body is resilient. (AC +11)
You are immune to poison.
Your large and strong wings let you fly indefinitely.
You resist negative energy. (rN+)
You are resistant to electric shocks. (rElec)
You can survive without breathing.
You are immune to petrification.
You are immune to rotting.
You are clumsy. (Dex -2)
Your muscles are strong. (Str +2)
Your spells are a little easier to cast, but a little less powerful.


Message History

You closely miss the Ice Fiend.
The Ice Fiend is moderately wounded.
The Ice Fiend gestures at you. The bolt of cold hits you! You resist.
* * * LOW HITPOINT WARNING * * *
The Ice Fiend gestures at you. The bolt of cold hits you! You resist.
* * * LOW HITPOINT WARNING * * *
The Ice Fiend gestures at you. The bolt of cold misses you.
You feel much better.
You are engulfed in freezing vapours.
You resist.
* * * LOW HITPOINT WARNING * * *
The Ice Fiend gestures at you. The bolt of cold misses you.
You barely miss the Ice Fiend.
The Ice Fiend is moderately wounded.
You block the Ice Fiend's attack. The Ice Fiend claws you!
* * * LOW HITPOINT WARNING * * *
The Ice Fiend freezes you!! You resist.
You die...

..Z. ##.# ..W.Z #.##
.Z1.4 ##..### .4Z.
#.##..# #.Z###.#.#[#
#..#4Z4≈.### #
#W..##≈##≈# §#
##4##≈1#≈≈# .#
###≈≈≈@≈≈##.
########≈≈≈≈≈##.# ##
#≈≈≈≈#≈≈≈≈≈≈≈≈#.# #≈#
##≈≈≈≈≈≈≈≈≈≈≈≈≈≈#
#≈≈##≈≈≈≈≈≈≈≈≈≈≈≈≈≈≈##
#≈≈≈#≈≈≈≈≈≈##≈≈≈≈≈#≈≈#
#≈≈≈≈≈≈≈≈≈≈###≈≈≈###≈##
#≈≈≈≈≈≈≈≈###.########≈#
#≈≈≈≈≈≈#####§§§##§###.#


You could see an Ice Fiend and an ice devil.

Vanquished Creatures
  A tentacled monstrosity (Swamp:1)
  A thorn hunter (Swamp:2)
  Kirke (Lair:4)
  An entropy weaver (Lair:2)
  6 dire elephants (Lair:6)
  12 hydras
  2 catoblepae
  A centaur warrior (D:10)
  6 alligators
  An anaconda (Lair:6)
  2 spriggans (Swamp:2)
  10 death yaks (Lair:4)
  An unseen horror (D:10)
  A shambling mangrove (Swamp:2)
  5 hill giants (D:10)
  An ugly thing (D:8)
  A manticore (Lair:6)
  23 elephants
  Joseph (Lair:1)
  Maurice (D:8)
  An ice statue (IceCv)
  2 black mambas
  A gargoyle (D:10)
  A torpor snail (Lair:6)
  14 spiny frogs
  2 freezing wraiths (IceCv)
  A rime drake (Lair:1)
  10 komodo dragons
  2 ice devils (IceCv)
  A wolf spider simulacrum (IceCv)
  Prince Ribbit (D:6)
  2 polar bears (Lair:6)
  5 trolls
  2 tyrant leeches
  3 hornets
  2 bog bodies (Swamp:2)
  12 slime creatures
  3 blink frogs (Lair:5)
  10 dream sheep
  11 hippogriffs
  30 yaks
  Eustachio (D:5)
  2 basilisks
  3 hogs (D:7)
  A human (D:7)
  2 dire elephant simulacra (IceCv)
  15 vampire mosquitoes
  A death yak simulacrum (IceCv)
  3 iron troll simulacra (IceCv)
  The ghost of appiemonkey the Skirmisher, an amateur GrFi (D:3)
  A soldier ant (D:10)
  12 swamp worms
  3 harpy simulacra (IceCv)
  Duvessa (D:4)
  2 hydra simulacra (IceCv)
  8 water moccasins
  18 porcupines
  4 swamp drakes
  An ice beast (D:6)
  A hornet zombie (D:7)
  2 sky beasts
  2 ettin simulacra (IceCv)
  5 orc warriors
  An alligator simulacrum (IceCv)
  14 wolves
  A necrophage (D:10)
  7 ogres
  4 boggarts (Lair:6)
  11 centaurs
  15 crocodiles
  2 big kobolds (D:10)
  A gnoll sergeant (D:6)
  13 bullfrogs
  Dowan (D:4)
  A water moccasin zombie (D:7)
  5 scorpions
  An elephant simulacrum (IceCv)
  8 killer bees
  8 wights
  An electric eel (Lair:2)
  6 howler monkeys
  5 crimson imps
  3 draconian simulacra (IceCv)
  2 centaur zombies
  2 jellies
  A bullfrog skeleton (D:7)
  5 hounds
  A centaur skeleton (D:7)
  6 orc wizards
  Jessica (D:3)
  A gnoll shaman (D:3)
  An iguana (D:5)
  13 worker ants
  3 troll simulacra (IceCv)
  3 centaur simulacra (IceCv)
  Robin (D:3)
  2 howler monkey skeletons
  13 gnolls
  14 adders
  2 ogre simulacra (IceCv)
  A river rat (D:9)
  2 shadow imps
  5 white imps (IceCv)
  4 ufetubi (IceCv)
  3 adder zombies
  7 worms
  A dart slug (D:1)
  6 leopard geckos
  23 orcs
  3 giant cockroaches
  9 hobgoblins
  14 jackals
  6 quokkas
  3 ball pythons
  14 bats
  5 frilled lizards
  13 goblins
  A jackal skeleton (D:5)
  17 kobolds
  A quokka skeleton (D:6)
  20 rats
  2 briar patches (Swamp:2)
  A plant (Lair:6)
623 creatures vanquished.

Vanquished Creatures (collateral kills)
  A ghost crab (Swamp:3)
1 creature vanquished.

Vanquished Creatures (others)
  3 humans (Lair:4)
  3 white imps (IceCv)
  7 ufetubi (IceCv)
  A rat (D:9)
  17 fungi
  13 plants
44 creatures vanquished.

Grand Total: 668 creatures vanquished

Notes
Turn   | Place    | Note
-------+----------+-------------------------------------------
     0 | D:1      | Ladykiller69 the Gargoyle Fighter began the quest for the Orb.
     0 | D:1      | Reached XP level 1. HP: 14/14 MP: 1/1
    85 | D:1      | Reached XP level 2. HP: 19/19 MP: 2/2
   760 | D:1      | Reached XP level 3. HP: 23/23 MP: 3/3
  1365 | D:1      | Reached skill level 3 in Unarmed Combat
  1443 | D:2      | Reached XP level 4. HP: 27/28 MP: 4/4
  1852 | D:2      | Reached XP level 5. HP: 33/33 MP: 5/5
  2004 | D:3      | Found a radiant altar of Vehumet.
  2102 | D:3      | Noticed Jessica
  2113 | D:3      | Killed Jessica
  2389 | D:3      | Noticed Robin
  2416 | D:3      | Killed Robin
  2416 | D:3      | Reached skill level 4 in Unarmed Combat
  2577 | D:3      | Noticed appiemonkey's ghost (amateur GrFi)
  2933 | D:3      | Killed appiemonkey's ghost
  2933 | D:3      | Reached skill level 1 in Dodging
  2933 | D:3      | Reached XP level 6. HP: 10/38 MP: 6/6
  3943 | D:4      | Noticed Duvessa
  4253 | D:4      | Reached skill level 5 in Shields
  4253 | D:4      | Reached XP level 7. HP: 43/43 MP: 7/7
  4277 | D:4      | Found a staircase to the Ecumenical Temple.
  4281 | Temple   | Entered the Ecumenical Temple
  4350 | Temple   | Became a worshipper of Cheibriados the Contemplative
  4518 | D:4      | HP: 1/44 [ogre/giant club (20)]
  4520 | D:4      | Reached skill level 5 in Armour
  4520 | D:4      | Reached skill level 5 in Unarmed Combat
  4840 | D:4      | Noticed Dowan
  4928 | D:4      | Killed Duvessa
  4928 | D:4      | Reached XP level 8. HP: 32/48 MP: 8/8
  5179 | D:4      | Found a sparkling altar of Nemelex Xobeh.
  5269 | D:4      | Killed Dowan
  5510 | D:5      | Entered Level 5 of the Dungeon
  5525 | D:5      | Found a shattered altar of Ashenzari.
  5677 | D:5      | Reached skill level 5 in Fighting
  5726 | D:5      | Found a blossoming altar of Fedhas.
  5783 | D:5      | Reached skill level 6 in Unarmed Combat
  5812 | D:5      | Reached * piety under Cheibriados
  6062 | D:5      | Noticed Eustachio
  6094 | D:5      | Noticed Prince Ribbit
  6494 | D:6      | Killed Prince Ribbit
  6494 | D:6      | Reached XP level 9. HP: 31/54 MP: 9/9
  6682 | D:5      | Killed Eustachio
  6682 | D:5      | Reached skill level 7 in Unarmed Combat
  6812 | D:5      | Found a deep blue altar of Sif Muna.
  7439 | D:6      | Found a basalt altar of Yredelemnul.
  7541 | D:6      | Reached ** piety under Cheibriados
  7793 | D:6      | Found a faded altar of an unknown god.
  7793 | D:6      | Found an ancient bone altar of Kikubaaqudgha.
  7799 | D:6      | Found a faded altar of an unknown god.
  7801 | D:6      | Found a faded altar of an unknown god.
  7803 | D:6      | Found a faded altar of an unknown god.
  8017 | D:7      | Found a stormy altar of Qazlal.
  8062 | D:7      | Found a shadowy altar of Dithmenos.
  8062 | D:7      | You fall through a shaft for 2 floors!
  8079 | D:8      | Found a burning altar of Makhleb.
  8135 | D:8      | Reached skill level 8 in Unarmed Combat
  8259 | D:8      | Noticed a brown ugly thing
  8272 | D:8      | Killed a brown ugly thing
  8272 | D:8      | Reached XP level 10. HP: 61/61 MP: 10/10
  8316 | D:8      | Found a sacrificial altar of Ru.
  8650 | D:7      | Reached *** piety under Cheibriados
  8689 | D:7      | Reached skill level 9 in Unarmed Combat
  9296 | D:8      | Reached skill level 1 in Invocations
  9364 | D:8      | Found a hazy altar of Hepliaklqana.
  9425 | D:8      | Reached **** piety under Cheibriados
  9547 | D:9      | Noticed Maurice
  9574 | D:8      | Reached skill level 5 in Dodging
  9617 | D:8      | Killed Maurice
  9765 | D:9      | Found a shimmering altar of Xom.
  9891 | D:9      | Noticed a seven-headed hydra
  9903 | D:9      | Killed a seven-headed hydra
  9903 | D:9      | Reached XP level 11. HP: 33/68 MP: 11/13
 10363 | D:9      | Found a staircase to the Lair.
 10371 | D:9      | Reached ***** piety under Cheibriados
 10438 | D:10     | Entered Level 10 of the Dungeon
 10524 | D:10     | Noticed a hill giant
 10532 | D:10     | Reached skill level 10 in Unarmed Combat
 10536 | D:10     | Killed a hill giant
 10553 | D:10     | Noticed a hill giant
 10560 | D:10     | Killed a hill giant
 10583 | D:10     | Killed an unseen horror
 11149 | D:10     | Noticed a hill giant
 11159 | D:10     | Killed a hill giant
 11232 | D:10     | Found a portal to a secret trove of treasure.
 11596 | D:11     | Noticed a centaur warrior
 11601 | D:11     | Noticed a hill giant
 11642 | D:10     | Killed a centaur warrior
 11726 | D:10     | Killed a hill giant
 11742 | D:10     | Reached XP level 12. HP: 48/75 MP: 15/15
 11818 | D:10     | Reached skill level 5 in Invocations
 11892 | D:10     | Reached skill level 11 in Unarmed Combat
 11996 | Lair:1   | Entered Level 1 of the Lair of Beasts
 12010 | Lair:1   | Noticed Joseph
 12026 | Lair:1   | Killed Joseph
 12256 | Lair:1   | Noticed an eight-headed hydra
 12263 | Lair:1   | Killed an eight-headed hydra
 12540 | Lair:1   | Reached ****** piety under Cheibriados
 13211 | Lair:2   | Noticed a five-headed hydra
 13213 | Lair:2   | Noticed an entropy weaver
 13213 | Lair:2   | a five-headed hydra changed into an entropy weaver
 13233 | Lair:2   | Killed an entropy weaver
 13572 | Lair:2   | Reached skill level 10 in Shields
 13871 | Lair:2   | Found a staircase to the Swamp.
 14355 | Lair:3   | Reached XP level 13. HP: 63/81 MP: 17/17
 14364 | Lair:3   | Reached skill level 12 in Unarmed Combat
 14993 | Lair:4   | Reached skill level 10 in Fighting
 14993 | Lair:4   | Reached skill level 10 in Armour
 15352 | Lair:4   | Found a staircase to the Snake Pit.
 15549 | Lair:4   | Noticed Kirke
 15570 | Lair:4   | Killed Kirke
 16325 | Lair:4   | Reached skill level 13 in Unarmed Combat
 16333 | Lair:4   | Gained mutation: Your large and strong wings let you fly indefinitely. [Gargoyle growth]
 16333 | Lair:4   | Reached XP level 14. HP: 39/88 MP: 19/19
 17003 | Lair:5   | Found a sparkling altar of Nemelex Xobeh.
 17698 | Lair:6   | Entered Level 6 of the Lair of Beasts
 18313 | Lair:6   | Gained mutation: You are clumsy. (Dex -2) [potion of mutation]
 18313 | Lair:6   | Gained mutation: Your spells are a little easier to cast, but a little less powerful. [potion of mutation]
 18313 | Lair:6   | Gained mutation: Your muscles are strong. (Str +2) [potion of mutation]
 18739 | Lair:6   | Noticed a dire elephant
 18948 | Lair:6   | Noticed a dire elephant
 18959 | Lair:6   | Killed a dire elephant
 18998 | Lair:6   | Noticed a dire elephant
 19012 | Lair:6   | Killed a dire elephant
 19239 | Lair:6   | Killed a dire elephant
 19341 | Lair:6   | Noticed a dire elephant
 19341 | Lair:6   | Noticed a dire elephant
 19358 | Lair:6   | Killed a dire elephant
 19358 | Lair:6   | Reached skill level 14 in Unarmed Combat
 19372 | Lair:6   | Killed a dire elephant
 19460 | Lair:6   | Found a staircase to the Slime Pits.
 19504 | Lair:6   | Noticed a dire elephant
 19543 | Lair:6   | Reached XP level 15. HP: 94/95 MP: 21/21
 19833 | Swamp:1  | Entered Level 1 of the Swamp
 20006 | Swamp:1  | Noticed a tentacled monstrosity
 20017 | Swamp:1  | Killed a tentacled monstrosity
 20612 | Swamp:2  | Noticed a thorn hunter
 20629 | Swamp:2  | Killed a thorn hunter
 21432 | Swamp:3  | Identified a scroll of acquirement
 21567 | Swamp:3  | Found a frozen archway.
 21579 | IceCv    | Entered an ice cave
 21878 | IceCv    | Reached skill level 10 in Invocations
 22211 | IceCv    | Noticed an Ice Fiend
 22266 | IceCv    | HP: 3/97 [Ice Fiend/bolt of cold (16)]
 22268 | IceCv    | Demolished by an Ice Fiend

Skill      XL: |  1  2  3  4  5  6  7  8  9 10 11 12 13 14 15 |
---------------+----------------------------------------------+-----
Unarmed Combat | 3 4 5 6 8 9 10 11 13 14 | 14.8
Shields        | 4 5 6 7 8 9 10 11 12 | 12.5
Armour         | 4 5 6 7 8 9 10 11 12 | 12.0
Fighting       | 4 5 6 7 8 9 10 11 12 | 12.4
Dodging        | 1 2 3 4 5 6 7 8 9 |  9.2
Invocations    | 3 4 6 7 9 10 | 10.1

Action                   |  1- 3 |  4- 6 |  7- 9 | 10-12 | 13-15 || total
-------------------------+-------+-------+-------+-------+-------++-------
Melee: Unarmed           |   206 |   366 |   563 |   867 |  1308 ||  3310
Throw: Tomahawk          |       |       |     8 |       |       ||     8
       Stone             |       |       |    12 |       |       ||    12
       Javelin           |       |       |     2 |     4 |       ||     6
 Abil: Fly               |       |       |       |       |     1 ||     1
Evoke: Wand              |       |       |       |     4 |     3 ||     7
  Use: Scroll            |       |       |     2 |    12 |    20 ||    34
       Potion            |       |       |     1 |       |     6 ||     7
  Eat: Chunk             |     2 |    10 |     9 |    12 |    15 ||    48
       Royal jelly       |       |       |       |       |     1 ||     1
Armor: Scale mail        |    90 |   128 |    43 |       |       ||   261
       Chain mail        |       |       |   210 |    89 |       ||   299
       Plate armour      |       |       |       |   285 |   458 ||   743
Dodge: Dodged            |    43 |    61 |   154 |   233 |   378 ||   869
Block: Shield            |   101 |   144 |   191 |       |       ||   436
       Large shield      |       |       |    96 |   982 |  1392 ||  2470
